 Dungeon Crawl Stone Soup version 0.26.1-2-gb8aa6d0cf2 (webtiles) character file.

Game seed: 11434309267052813901

19 skwiii the Caller (level 2, -4/15 HPs)
             Began as a Tengu Summoner on Feb 25, 2021.
             Slain by Crazy Yiuf
             ... wielding a +3 quarterstaff of chaos
              (9 damage)
             ... on level 2 of the Dungeon.
             The game lasted 00:02:47 (1760 turns).

skwiii the Caller (Tengu Summoner)                  Turns: 1760, Time: 00:02:47

Health: -4/15      AC:  2    Str:  8    XL:     2   Next: 75%
Magic:  5/6        EV: 13    Int: 15    God:
Gold:   39         SH:  0    Dex: 14    Spells: 4/5 levels left

rFire    . . .     SeeInvis .   f - +2 dagger (vamp)
rCold    . . .     Faith    .   (no shield)
rNeg     . . .     Spirit   .   a - +0 robe
rPois    .         Reflect  .   (helmet restricted)
rElec    .         Harm     .   (no cloak)
rCorr    .         Rampage  .   (no gloves)
Will     .....                  (boots unavailable)
Stlth    ++........             (no amulet)
HPRegen  0.05/turn              (no ring)
MPRegen  0.10/turn              (no ring)

@: berserk cooldown, slowed, very slow
A: beak, talons 3
a: no special abilities


You were on level 2 of the Dungeon.
You visited 1 branch of the dungeon, and saw 2 of its levels.

You collected 39 gold pieces.

Inventory:

Hand Weapons
 f - a +2 vampiric dagger (weapon)
Armour
 a - a +0 robe (worn)
 b - a +0 pair of gloves
 i - a +0 pair of gloves
Jewellery
 g - a +6 ring of dexterity {unknown}
Scrolls
 c - a scroll of remove curse {unknown}
 d - a scroll of fear {unknown}
 e - 2 scrolls of identify {unknown}
 h - a scroll of amnesia {unknown}
 k - 3 scrolls of immolation {unknown}
Potions
 j - 2 potions of berserk rage {unknown}


   Skills:
 + Level 2.5 Dodging
 + Level 2.3 Stealth
 * Level 2.4 Spellcasting
 + Level 5.0 Summonings


You had 4 spell levels left.
You knew the following spells:

 Your Spells              Type           Power        Failure   Level
a - Summon Small Mammal   Summ           64%          2%          1

Your spell library contained the following spells:

 Spells                   Type           Power        Failure   Level
 Call Imp                 Summ           16%          4%          2
 Call Canine Familiar     Summ           16%          9%          3
 Summon Guardian Golem    Hex/Summ       9%           22%         3
 Summon Ice Beast         Ice/Summ       9%           58%         4
 Summon Lightning Spire   Summ/Air       9%           58%         4


Dungeon Overview and Level Annotations

Branches:
Dungeon (2/15)

Altars:

Annotations:
D:2 Crazy Yiuf


Innate Abilities, Weirdness & Mutations

You have a beak for a mouth.
You have claws for feet.


Message History

You open the door.
Casting: Summon Small Mammal (safe; 2% risk of failure)
Press: ? - help, Q - select action Dir - look around, f - activate Crazy Yiuf hits you with a +3 quarterstaff of chaos!
Ouch! That really hurt!
A red film seems to cover your vision as you go berserk!
You feel yourself moving faster!
You feel mighty!
Unknown command.
You feel a strong urge to attack something.
You feel your anger nearly subside.
You are too berserk!
Unknown command.
You are no longer berserk.
You are exhausted.
You feel yourself slow down.
You hit the fungus.
The fungus begins to die.
The fungus is lightly damaged.
Crazy Yiuf hits you with a +3 quarterstaff of chaos!
Ouch! That really hurt!
You die...

#.#####.# #
#.#...#.#.#
..#.#.#.#.#
#.#.#†#...#
#.#.#r†<..#
#>#.###.#.# ###
♣♣###..........
#)..#♣♣
♣♣.....####.#.###
#...'r♣♣♣♣@.....#
#.#...
#...#♣g.♣g.P...##
#.# ### ###
♣♣♣r♣....######.#
♣♣♣♣♣##.......#
#########


You could see Crazy Yiuf and a friendly quokka (summoned).

Vanquished Creatures
  2 bats (D:1)
  3 goblins (D:1)
  2 kobolds (D:1)
  A rat (D:2)
8 creatures vanquished.

Vanquished Creatures (collateral kills)
  A dart slug (D:1)
  A hobgoblin (D:1)
  5 kobolds (D:1)
  5 bats (D:1)
  2 rats
14 creatures vanquished.

Vanquished Creatures (others)
  4 fungi (D:2)
4 creatures vanquished.

Grand Total: 26 creatures vanquished

Notes
Turn   | Place    | Note
-------+----------+-------------------------------------------
     0 | D:1      | skwiii the Tengu Summoner began the quest for the Orb.
     0 | D:1      | Reached XP level 1. HP: 10/10 MP: 4/4
   724 | D:1      | Reached XP level 2. HP: 15/15 MP: 0/6
   914 | D:1      | Reached skill level 5 in Summonings
  1748 | D:2      | Found a runed translucent door.
  1749 | D:2      | Noticed Crazy Yiuf
  1760 | D:2      | Slain by Crazy Yiuf

Illustrated notes

Levels and vault maps discovered:
D:1:      elethiomel_arrival_quiet, layout_basic, minmay_quantized
D:2:      minmay_door_path, layout_basic, grunt_dithmenos_smoke,
          uniq_crazy_yiuf_cottage

Skill      XL: |  1  2 |
---------------+-------+-----
Summonings     | 5 |  5.0
Dodging        | |  2.5
Stealth        | |  2.3
Spellcasting   | |  2.4

Action                   || total
-------------------------++-------
Melee: Unarmed           ||     9
       Peck              ||     3
       Dagger            ||    14
       Kick              ||     3
 Cast: Summon Small Mamm ||    34
Armor: Robe              ||    16
Dodge: Dodged            ||    26
